 Dungeon Crawl Stone Soup version 0.28-a0-845-gfc338a8e3c (webtiles) character file.

Game seed: 17009484297138798420

7498 Crownlay the Cleaver (level 11, -5/97 HPs)
             Began as a Hill Orc Fighter on Nov 12, 2021.
             Was a High Priest of Okawaru.
             Slain by a cyan very ugly thing (20 damage)
             ... on level 2 of the Abyss.
             The game lasted 00:23:07 (9321 turns).

Crownlay the Cleaver (Hill Orc Fighter)             Turns: 9321, Time: 00:23:08

Health: -5/97      AC: 15    Str: 29    XL:     11   Next: 16%
Magic:  0/20       EV: 13    Int:  8    God:    Okawaru [*****.]
Gold:   665        SH:  7    Dex: 16    Spells: 10/10 levels left

rFire   . . .      SeeInvis .   D - +2 hand axe (elec)
rCold   . . .      Faith    .   c - +0 buckler
rNeg    . . .      Spirit   +   E - +3 ring mail
rPois   .          Reflect  .   n - +0 helmet
rElec   .          Harm     .   q - +0 cloak
rCorr   .          Rampage  .   o - +0 pair of gloves
Will    .....                   j - +0 pair of boots
Stlth   ++........              i - amulet of guardian spirit
HPRegen 0.26/turn               m - +6 ring of strength
MPRegen 0.17/turn               t - +6 ring of dexterity

@: heroic
A: no striking features
a: Renounce Religion, Heroism, Finesse, Duel


You were on level 2 of the Abyss.
You worshipped Okawaru.
Okawaru was extremely pleased with you.
You visited 2 branches of the dungeon, and saw 11 of its levels.
You visited the Abyss 1 time.

You collected 665 gold pieces.

Inventory:

Hand Weapons
 a - a +0 war axe
 D - a +2 hand axe of electrocution (weapon)
Missiles
 v - 3 curare-tipped darts (quivered)
 P - 3 silver javelins
Armour
 c - a +0 buckler (worn)
 j - a +0 pair of boots (worn)
 n - a +0 helmet (worn)
 o - a +0 pair of gloves (worn)
 q - a +0 cloak (worn)
 s - a +0 kite shield
 E - a +3 ring mail (worn)
Jewellery
 i - an amulet of guardian spirit (around neck)
 m - a +6 ring of strength (left hand)
 t - a +6 ring of dexterity (right hand)
Wands
 l - a wand of paralysis (13)
 C - a wand of flame (34)
 I - a wand of polymorph (8)
 K - a wand of iceblast (11)
 N - a wand of digging (3)
Scrolls
 f - 2 scrolls of blinking
 g - 5 scrolls of amnesia
 h - a scroll of noise {unknown}
 u - 2 scrolls of enchant armour {unknown}
 x - 3 scrolls of torment
 y - a scroll of immolation {unknown}
 B - a scroll of fear {unknown}
 J - 3 scrolls of fog
 L - a scroll of holy word {unknown}
 O - a scroll of acquirement {unknown}
 Q - a scroll of enchant weapon {unknown}
Potions
 b - 3 potions of degeneration {unknown}
 d - 2 potions of might
 e - 9 potions of curing
 k - 6 potions of heal wounds
 p - a potion of cancellation {unknown}
 r - 2 potions of berserk rage
 w - 3 potions of attraction
 z - a potion of magic {unknown}
 A - 2 potions of ambrosia {unknown}
 F - 2 potions of invisibility {unknown}
 G - 2 potions of lignification {unknown}
 H - 4 potions of mutation {unknown}


   Skills:
 * Level 9.2(14.2) Fighting
 - Level 14.0(19.0) Axes
 - Level 3.0(8.0) Throwing
 - Level 3.2(8.2) Armour
 + Level 6.2(11.2) Shields
 - Level 12.0 Invocations


You had 10 spell levels left.
You didn't know any spells.
Your spell library contained the following spells:

 Spells                   Type           Power      Damage    Failure   Level
 Shock                    Conj/Air       0%         1d3       52%         1
 Inner Flame              Hex/Fire       0%         N/A       87%         3
 Mephitic Cloud           Conj/Pois/Air  0%         N/A       87%         3
 Ozocubu's Armour         Ice            0%         N/A       87%         3
 Swiftness                Air            0%         N/A       87%         3
 Airstrike                Air            0%         N/A       99%         4
 Fulminant Prism          Conj/Hex       0%         3d6       99%         4
 Lightning Bolt           Conj/Air       0%         1d11      100%        5
 Metabolic Englaciation   Hex/Ice        0%         N/A       100%        5
 Chain Lightning          Conj/Air       0%         N/A       100%        9
 Summon Guardian Golem    Hex/Summ       Unusable   N/A       N/A         3
 Summon Lightning Spire   Summ/Air       Unusable   N/A       N/A         4
 Simulacrum               Ice/Necr       Unusable   N/A       N/A         6

Dungeon Overview and Level Annotations

Branches:
Dungeon (10/15)            Temple (1/1) D:4
   Lair: D:8-11         Orc: D:9-12

Altars:
Ashenzari
Cheibriados
Dithmenos
Elyvilon
Gozag
Hepliaklqana
Kikubaaqudgha
Makhleb
Nemelex Xobeh
Okawaru
Ru
Sif Muna
Trog
Uskayaw
Vehumet
Wu Jian
Xom
Yredelemnul
Zin
The Shining One

Shops:
D:1 [

Annotations:
D:7 3 runed translucent doors, EtherCrawl's ghost, novice OpBe; vurker's ghost, novice DjAE


Message History

You barely miss the small abomination.
The small abomination is heavily damaged.
You block the small abomination's attack.
You hit the small abomination.
The small abomination is heavily damaged.
You hit the small abomination.
The small abomination is severely damaged.
The small abomination hits you!
You hit the small abomination but do no damage.
Lightning courses through the small abomination!
You destroy the small abomination!
Okawaru accepts your kill.
No target in view!
No target in view!
No target in view!
Found a rapier.
A cyan very ugly thing comes into view.
Found 19 gold pieces.
You gain the combat prowess of a mighty hero.
You slash the cyan very ugly thing!
The cyan very ugly thing is lightly wounded.
You hit the cyan very ugly thing.
The cyan very ugly thing is lightly wounded.
The cyan very ugly thing punches you! The cyan very ugly thing shocks you!!
You slash the cyan very ugly thing!
The cyan very ugly thing is moderately wounded.
The cyan very ugly thing punches you but does no damage.
You are too injured to fight recklessly!
You hit the cyan very ugly thing.
The cyan very ugly thing is moderately wounded.
You hit the cyan very ugly thing but do no damage.
The cyan very ugly thing is moderately wounded.
The cyan very ugly thing punches you! The cyan very ugly thing shocks you!!
* * * LOW HITPOINT WARNING * * *
You slash the cyan very ugly thing!
The cyan very ugly thing is moderately wounded.
You fail to use your ability.
The cyan very ugly thing punches you.
* * * LOW HITPOINT WARNING * * *
The cyan very ugly thing shocks you!!
You die...

.#.... ...... . .
.... .# #.) ... ..#
##.# ##.## #.## #..
###...###...## .
....#....?#.....# .
..........@u.......
#.....#.....#.$...#
. . ##...## ...##
##. # ##.## #.## ##
. # .. ###...## .
.....#.....#.....#.
...............
..... .#.....#..
..#. .. #.
##...###...###...##


You could see a cyan very ugly thing.

Vanquished Creatures
  2 two-headed ogres
  Pikel (D:8)
  A wizard (D:10)
  A deep elf pyromancer (D:10)
  A deep elf zephyrmancer (D:10)
  Psyche (D:8)
  Grinder (D:5)
  A wyvern (D:10)
  A small abomination (Abyss:2)
  Grum (D:8)
  2 water moccasins
  2 orc warriors
  An ice beast (D:7)
  A sky beast (D:8)
  2 black bears
  3 necrophages
  An ogre (D:6)
  2 centaurs
  4 wolves
  A kobold brigand (D:9)
  2 bullfrogs
  A gnoll sergeant (D:8)
  A water moccasin zombie (D:5)
  3 scorpions
  A wyvern zombie (D:8)
  2 wyvern skeletons (D:6)
  A water moccasin skeleton (D:7)
  8 killer bees (D:9)
  7 howler monkeys
  A centaur zombie (D:8)
  4 crimson imps (D:4)
  2 bullfrog skeletons
  A bullfrog zombie (D:6)
  3 hounds
  A centaur skeleton (D:6)
  2 orc priests
  4 orc wizards
  A killer bee zombie (D:8)
  A hound skeleton (D:4)
  A howler monkey zombie (D:6)
  A howler monkey skeleton (D:7)
  8 adders
  5 gnolls (D:8)
  A shadow imp (D:8)
  2 white imps (D:7)
  An ufetubus (D:5)
  An adder skeleton (D:5)
  A worm (D:9)
  2 dart slugs
  11 orcs
  5 endoplasms
  6 giant cockroaches (D:2)
  5 goblins
  3 hobgoblins
  2 jackals (D:3)
  10 kobolds
  A quokka (D:2)
  8 ball pythons
  7 bats
  2 frilled lizards (D:1)
  2 rats (D:2)
161 creatures vanquished.

Notes
Turn   | Place    | Note
-------+----------+-------------------------------------------
     0 | D:1      | Crownlay the Hill Orc Fighter began the quest for the Orb.
     0 | D:1      | Reached XP level 1. HP: 19/19 MP: 1/1
   129 | D:1      | Reached skill level 3 in Axes
   129 | D:1      | Reached XP level 2. HP: 13/26 MP: 2/2
   367 | D:1      | Noticed a great orb of eyes
   369 | D:1      | Found a faded altar of an unknown god.
   371 | D:1      | Noticed an eye of devastation
   371 | D:1      | Noticed a floating eye
   371 | D:1      | Noticed a shining eye
   373 | D:1      | Found Matovol's Antique Armour Shop.
   876 | D:2      | Reached XP level 3. HP: 23/31 MP: 3/3
  1228 | D:2      | Reached skill level 4 in Axes
  1465 | D:3      | Found a bloodstained altar of Trog.
  1465 | D:3      | Found a hide-covered altar of Uskayaw.
  1860 | D:3      | Reached skill level 5 in Axes
  1860 | D:3      | Reached XP level 4. HP: 39/39 MP: 4/4
  1877 | D:3      | You fall into a shaft and drop 3 floors!
  1880 | D:6      | Found a white marble altar of Elyvilon.
  1899 | D:6      | Noticed a scorpion
  1912 | D:6      | Killed a scorpion
  1913 | D:6      | Reached skill level 6 in Axes
  1913 | D:6      | Reached XP level 5. HP: 24/45 MP: 3/5
  2153 | D:6      | Noticed a black bear
  2161 | D:6      | Killed a black bear
  2162 | D:6      | Reached skill level 7 in Axes
  2162 | D:6      | Reached XP level 6. HP: 46/51 MP: 6/6
  2169 | D:6      | Reached skill level 8 in Axes
  2351 | D:5      | Entered Level 5 of the Dungeon
  2449 | D:4      | Reached skill level 9 in Axes
  2527 | D:4      | Found a shimmering altar of Xom.
  2575 | D:4      | Reached XP level 7. HP: 29/57 MP: 5/7
  2905 | D:4      | Found a staircase to the Ecumenical Temple.
  2917 | Temple   | Entered the Ecumenical Temple
  2933 | Temple   | Became a worshipper of Warmaster Okawaru
  3613 | D:4      | Reached skill level 1 in Invocations
  3620 | D:4      | Reached skill level 10 in Axes
  3915 | D:4      | Found a broken altar of Ashenzari.
  4009 | D:4      | Reached * piety under Okawaru
  4212 | D:5      | Noticed Grinder
  4217 | D:5      | Killed Grinder
  4218 | D:5      | Reached skill level 11 in Axes
  4218 | D:5      | Reached XP level 8. HP: 64/64 MP: 10/10
  4235 | D:5      | Reached ** piety under Okawaru
  4381 | D:5      | Reached skill level 12 in Axes
  4639 | D:5      | Found a sacrificial altar of Ru.
  4658 | D:5      | Found a radiant altar of Vehumet.
  4664 | D:5      | Reached skill level 5 in Invocations
  5257 | D:6      | You fall into a shaft and drop 1 floor!
  5351 | D:7      | Reached XP level 9. HP: 70/70 MP: 11/13
  5359 | D:7      | Reached skill level 13 in Axes
  6014 | D:7      | Found a runed translucent gate.
  6015 | D:7      | Found a runed translucent gate.
  6015 | D:7      | Found a runed translucent gate.
  6017 | D:7      | Noticed EtherCrawl's ghost (novice OpBe)
  6017 | D:7      | Noticed vurker's ghost (novice DjAE)
  6433 | D:8      | Noticed Psyche
  6439 | D:8      | Killed Psyche
  6439 | D:8      | Reached *** piety under Okawaru
  6440 | D:8      | Reached skill level 14 in Axes
  6454 | D:8      | Noticed Pikel
  6466 | D:8      | Killed Pikel
  6467 | D:8      | Reached skill level 10 in Invocations
  6508 | D:8      | Noticed a two-headed ogre
  6513 | D:8      | Killed a two-headed ogre
  6514 | D:8      | Reached XP level 10. HP: 55/77 MP: 11/18
  6723 | D:8      | Noticed Grum
  6742 | D:8      | Reached **** piety under Okawaru
  7135 | D:8      | Reached skill level 1 in Throwing
  7143 | D:8      | Killed Grum
  7294 | D:8      | Reached skill level 5 in Fighting
  8010 | D:9      | Noticed a two-headed ogre
  8022 | D:9      | Killed a two-headed ogre
  8187 | D:9      | Found a hazy altar of Hepliaklqana.
  8226 | D:9      | Found a snail-covered altar of Cheibriados.
  8537 | D:9      | Received a gift from Okawaru
  8592 | D:9      | Reached skill level 5 in Shields
  8973 | D:10     | Entered Level 10 of the Dungeon
  9083 | D:10     | Noticed a wizard
  9087 | D:10     | Killed a wizard
  9088 | D:10     | Reached XP level 11. HP: 94/94 MP: 20/20
  9090 | D:10     | Noticed a deep elf zephyrmancer
  9099 | D:10     | Killed a deep elf zephyrmancer
  9104 | D:10     | Got Ts'ui PĂȘn's Catalogue of Forking Paths
  9113 | D:10     | Got the Volume of Combed Thunderclap
  9139 | D:10     | Noticed a deep elf pyromancer
  9153 | D:10     | Killed a deep elf pyromancer
  9153 | D:10     | Reached ***** piety under Okawaru
  9153 | D:10     | Received a gift from Okawaru
  9244 | D:10     | Noticed a wizard
  9250 | D:10     | Cast into level 2 of the Abyss (a wizard)
  9311 | Abyss:2  | Noticed a cyan very ugly thing
  9321 | Abyss:2  | Slain by a cyan very ugly thing

Illustrated notes

Levels and vault maps discovered:
D:1:      doesnt_arrival_eight_statues, layout_basic,
          hellmonk_ecumenical_altar_watching_god, serial_shops, shop,
          minmay_misc_feat_chi
D:2:      layout_basic, minmay_worlds_worst_comb
D:3:      layout_loops_cross, chequers_temple_overflow_statue_of_worship
D:4:      layout_loops_corners, ashenzari_conservatory_becter, led_xom_imps,
          temple_fountains
D:5:      layout_loops_corners, vehumet_altar_wand_db, nicolae_ru_path_of_blood,
          uniq_grinder
D:6:      layout_basic, nicolae_elyvilon_peaceful_grove
D:7:      layout_basic, gammafunk_ghost_cemetery
D:8:      layout_rooms, uniq_grum, uniq_psyche, uniq_pikel
D:9:      layout_loops_corners, nzn_hepliaklqana_mist_gate,
          cheibrodos_worm_habitat
D:10:     layout_rooms, erik_lair_dragon, bh_hangedman_babel_library
Temple:   cyrus_circular_temple
Abyss:2:  base: D:3, bh_abyss_negative

Skill      XL: |  1  2  3  4  5  6  7  8  9 10 11 |
---------------+----------------------------------+-----
Axes           | 3 5 6 7 9 11 12 14 | 14.0
Shields        | 4 5 6 |  6.2
Invocations    | 3 6 11 12 | 12.0
Fighting       | 8 9 |  9.2
Throwing       | 3 |  3.0
Armour         | |  3.2

Action                   |  1- 3 |  4- 6 |  7- 9 | 10-12 || total
-------------------------+-------+-------+-------+-------++-------
Melee: War axe           |   135 |    83 |   143 |       ||   361
       Hand axe          |       |       |    55 |   196 ||   251
Throw: Dart              |       |       |     3 |     5 ||     8
Invok: Heroism           |       |       |       |     2 ||     2
  Use: Scroll            |       |       |     6 |     2 ||     8
Armor: Scale mail        |    68 |    37 |    55 |       ||   160
       Ring mail         |       |       |     9 |    51 ||    60
Dodge: Dodged            |    74 |    42 |    79 |    63 ||   258
Block: Buckler           |    27 |    12 |    35 |    40 ||   114

Table legend: (Time is in decaauts)
 A = Elapsed time spent in this place.
 B = Non-inter-level travel time spent in this place.
 C = Inter-level travel time spent in this place.
 D = Time resting spent in this place.
 E = Time spent auto-exploring this place.
 F = Levels seen in this place.
 G = Mean time per level.
                   A        B        C        D        E       F      G
               +--------+--------+--------+--------+--------+-----+--------+
         Total |   9273 |   8927 |    346 |    240 |   7329 |  12 |  772.8 |
       Dungeon |   9178 |   8845 |    333 |    240 |   7325 |  10 |  917.8 |
        Temple |     29 |     16 |     13 |      0 |      4 |   1 |   29.0 |
         Abyss |     65 |     65 |      0 |      0 |      0 |   1 |   65.0 |
               +--------+--------+--------+--------+--------+-----+--------+

Top non-repeatable levels by time:
     D:9: 1212 daAuts
     D:4: 1162 daAuts
     D:6: 1152 daAuts
     D:7: 1067 daAuts
     D:5: 956 daAuts
     D:3: 945 daAuts
     D:8: 922 daAuts
     D:1: 820 daAuts
     D:2: 672 daAuts
    D:10: 266 daAuts
 Abyss:2: 65 daAuts
  Temple: 29 daAuts
